 Dungeon Crawl Stone Soup version 0.24.0-13-gcf9b3192b9 (webtiles) character file.

Game seed: 3163544568969209388, levelgen mode: deterministic

87 Matador8 the Firebug (level 4, -6/33 HPs)
             Began as a Draconian Fire Elementalist on Nov 10, 2019.
             Killed from afar by Ijyb (9 damage)
             ... with an iceblast
             ... on level 2 of the Dungeon.
             The game lasted 00:11:45 (2841 turns).

Matador8 the Firebug (Draconian Fire Elementalist)  Turns: 2841, Time: 00:11:45

Health: -6/33      AC:  5    Str: 10    XL:     4   Next: 28%
Magic:  3/8        EV: 12    Int: 16    God:
Gold:   124        SH:  0    Dex: 12    Spells: 5/8 levels left

rFire    . . .     SeeInvis .   a - +0 short sword
rCold    . . .     Gourm    .   (no shield)
rNeg     . . .     Faith    .   (armour unavailable)
rPois    .         Spirit   .   (helmet restricted)
rElec    .         Reflect  .   (no cloak)
rCorr    .         Harm     .   (no gloves)
MR       .....                  (no boots)
Stlth    ++........             (no amulet)
HPRegen  0.11/turn              (no ring)
MPRegen  0.11/turn              (no ring)

@: very slightly contaminated
A: unfitting armour, cold-blooded, AC +5
a: no special abilities


You were on level 2 of the Dungeon.
You were not hungry.

You visited 1 branch of the dungeon, and saw 3 of its levels.

You collected 124 gold pieces.

Inventory:

Hand Weapons
 a - a +0 short sword (weapon)
Jewellery
 l - an uncursed ring of resist corrosion
Scrolls
 c - 3 scrolls of identify {unknown}
 d - a scroll of remove curse {unknown}
 f - a scroll of magic mapping {unknown}
 h - a scroll of enchant armour {unknown}
 i - a scroll of fear {unknown}
 k - a scroll of amnesia {unknown}
Potions
 j - a potion of heal wounds {unknown}
Comestibles
 b - 5 rations


   Skills:
 - Level 1.7 Dodging
 - Level 1.7 Stealth
 + Level 2.9 Spellcasting
 + Level 2.4 Conjurations
 + Level 3.8 Fire Magic


You had 5 spell levels left.
You knew the following spells:

 Your Spells              Type           Power        Failure   Level  Hunger
a - Flame Tongue          Conj/Fire      ##...        5%          1    #......
b - Throw Flame           Conj/Fire      ##....       8%          2    ##.....

Your spell library contained the following spells:

 Spells                   Type           Power        Failure   Level  Hunger
 Conjure Flame            Conj/Fire      ##......     16%         3    ###....
 Inner Flame              Hex/Fire       #.......     26%         3    ###....
 Sticky Flame             Conj/Fire      ##......     45%         4    #####..
 Fireball                 Conj/Fire      ##........   82%         5    ######.


Dungeon Overview and Level Annotations

Branches:
Dungeon (3/15)

Altars:

Annotations:
D:2 Ijyb
D:3 Grinder


Innate Abilities, Weirdness & Mutations

Your plain brown scales are hard. (AC +5)
You cannot fit into any form of body armour.
You are cold-blooded and may be slowed by cold attacks.


Message History

Ijyb is heavily wounded.
Ijyb hits you but does no damage.
Press: ? - help, v - describe, . - travel
Here: Ijyb, wearing a +0 leather armour and carrying a wand of iceblast (6) (heavily wounded)
The floor.
Ijyb zaps a wand.
The mass of ice explodes!
The iceblast engulfs you!
It was a potion of cancellation.
You feel magically purged.
Ijyb zaps a wand.
The mass of ice explodes!
The iceblast engulfs you!
* * * LOW HITPOINT WARNING * * *
It was a potion of invisibility.
You fade into invisibility!
You are very lightly contaminated with residual magic.
You completely miss Ijyb.
Your tail-slap misses Ijyb.
Ijyb is heavily wounded.
Ijyb hits you.
* * * LOW HITPOINT WARNING * * *
You flicker for a moment.
You flicker back into view.
Ijyb zaps a wand.
The mass of ice explodes!
The iceblast engulfs you!
You die...

....##......................#
....##.............##############
....##....#'###..#.##...#........
....#######.# ##.#.##.#.#.#######
....# #.# #......#.#.#....<.
....# #.# ##..####.#.#.###.#
....# #.# #..# #.#.#.....# ....#
#.######>####.#.#...... ....#
#.....@....g..#.#)##### #####
#..############.#...... #..#
#............... #..#
#.######.####### #..#
#.#....#.#<.....
#..#####.#....#.#..####
#........###..#.#...# #
#.##########..#.##..# # #.#
#.......#.##..# #


You could see Ijyb.

Vanquished Creatures
  Robin (D:2)
  A gnoll (D:1)
  A worm (D:2)
  A dart slug (D:1)
  4 leopard geckos
  An orc (D:2)
  6 bats
  2 giant cockroaches (D:1)
  5 hobgoblins
  4 kobolds
  2 quokkas (D:2)
  A ball python (D:2)
  4 frilled lizards
  15 goblins
  4 rats
52 creatures vanquished.

Notes
Turn   | Place    | Note
-------+----------+-------------------------------------------
     0 | D:1      | Matador8 the Draconian Fire Elementalist began the quest
                  | for the Orb.
     0 | D:1      | Reached XP level 1. HP: 14/14 MP: 3/3
   224 | D:2      | Reached XP level 2. HP: 20/20 MP: 1/5
  1280 | D:2      | Identified the +3 helmet of Disguise {rPois rN+}
  1280 | D:2      | Noticed Robin
  1345 | D:1      | Reached XP level 3. HP: 26/26 MP: 2/6
  1571 | D:1      | Learned a level 2 spell: Throw Flame
  2340 | D:1      | Reached XP level 4. HP: 22/33 MP: 2/8
  2491 | D:2      | Killed Robin
  2651 | D:3      | Noticed Grinder
  2691 | D:3      | Noticed Ijyb
  2828 | D:2      | HP: 1/33 [Ijyb (4)]
  2841 | D:2      | Killed from afar by Ijyb

Levels and vault maps discovered:
D:1:      psy_arrival_dodecagon, layout_basic, minivault_25
D:2:      layout_basic, first_ration, uniq_robin
D:3:      layout_rooms, nicolae_xom_altar_mimics, uniq_ijyb, uniq_grinder

Skill      XL: |  1  2  3 |
---------------+----------+-----
Conjurations   | 2 |  2.4
Dodging        | |  1.7
Stealth        | |  1.7
Spellcasting   | |  2.9
Fire Magic     | |  3.8

Action                   |  1- 3 |  4- 6 || total
-------------------------+-------+-------++-------
Melee: Unarmed           |    19 |       ||    19
       Short sword       |    30 |     6 ||    36
       Tailslap          |     2 |     1 ||     3
 Cast: Flame Tongue      |    78 |    22 ||   100
       Throw Flame       |     4 |     3 ||     7
  Use: Potion            |       |     2 ||     2
 Stab: Sleeping          |     2 |     1 ||     3
  Eat: Chunk             |     5 |     2 ||     7
Armor: Skin              |    17 |    15 ||    32
Dodge: Dodged            |    72 |    18 ||    90
